 Dungeon Crawl Stone Soup version 0.28.0-1-gb440e238dd (webtiles) character file.

Game seed: 5291087204758275582

80 Ablot the Grasshopper (level 4, -1/38 HPs)
             Began as a Gnoll Warper on Feb 24, 2022.
             Slain by an ogre (17 damage)
             ... on level 3 of the Dungeon.
             The game lasted 00:03:41 (2880 turns).

Ablot the Grasshopper (Gnoll Warper)                Turns: 2880, Time: 00:03:41

Health: -1/38      AC:  7    Str: 13    XL:     4   Next: 39%
Magic:  11/11      EV: 12    Int: 12    God:
Gold:   113        SH:  0    Dex: 11    Spells: 11/13 levels left

rFire   . . .      SeeInvis .   a - +0 trident
rCold   . . .      Faith    .   (no shield)
rNeg    . . .      Spirit   .   b - +0 leather armour
rPois   +          Reflect  .   (no helmet)
rElec   .          Harm     .   (no cloak)
rCorr   .          Rampage  .   (no gloves)
Will    .....                   (no boots)
Stlth   +.........              (no amulet)
HPRegen 0.12/turn               m - ring of poison resistance
MPRegen 0.12/turn               p - +4 ring of protection

@: no status effects
A: fangs 1, strong nose, distributed training
a: no special abilities


You were on level 3 of the Dungeon.
You visited 1 branch of the dungeon, and saw 3 of its levels.

You collected 173 gold pieces.
You spent 60 gold pieces at shops.

Inventory:

Hand Weapons
 a - a +0 trident (weapon)
Missiles
 d - 5 boomerangs of dispersal
 f - 91 stones (quivered)
 q - 15 bolts
Armour
 b - a +0 leather armour (worn)
Jewellery
 m - a ring of poison resistance (left hand)
 p - a +4 ring of protection (right hand)
Scrolls
 c - a scroll of blinking
 e - a scroll of enchant armour {unknown}
 g - 2 scrolls of teleportation {unknown}
 n - a scroll of enchant weapon {unknown}
 o - 2 scrolls of immolation {unknown}
 s - a scroll of vulnerability {unknown}
 t - a scroll of identify {unknown}
Potions
 h - 2 potions of attraction {unknown}
 i - 2 potions of mutation {unknown}
 j - 2 potions of berserk rage {unknown}
 k - a potion of invisibility {unknown}
 l - 2 potions of cancellation {unknown}
 r - a potion of degeneration {unknown}


   Skills:
 + Level 4.6 Fighting
 + Level 1.1 Short Blades
 + Level 1.1 Long Blades
 + Level 1.1 Axes
 + Level 1.1 Maces & Flails
 + Level 4.6 Polearms
 + Level 1.1 Staves
 + Level 1.1 Slings
 + Level 1.1 Bows
 + Level 1.1 Crossbows
 + Level 2.7 Throwing
 + Level 2.7 Armour
 + Level 4.6 Dodging
 + Level 1.1 Stealth
 + Level 1.1 Shields
 + Level 1.1 Unarmed Combat
 + Level 5.1 Spellcasting
 + Level 0.9 Conjurations
 + Level 0.9 Hexes
 + Level 0.9 Summonings
 + Level 0.9 Necromancy
 + Level 5.4 Translocations
 + Level 0.9 Transmutations
 + Level 0.9 Fire Magic
 + Level 0.9 Ice Magic
 + Level 0.9 Air Magic
 + Level 0.9 Earth Magic
 + Level 0.9 Poison Magic
 + Level 1.2 Invocations
 + Level 1.1 Evocations


You had 11 spell levels left.
You knew the following spells:

 Your Spells              Type           Power      Damage    Failure   Level
a - Blink                 Tloc           32%        N/A       4%          2

Your spell library contained the following spells:

 Spells                   Type           Power      Damage    Failure   Level
 Gell's Gravitas          Tloc           16%        N/A       8%          3
 Lesser Beckoning         Tloc           16%        N/A       8%          3
 Teleport Other           Tloc           16%        N/A       8%          3
 Manifold Assault         Tloc           16%        N/A       58%         5


Dungeon Overview and Level Annotations

Branches:
Dungeon (3/15)

Altars:
Makhleb
Sif Muna

Shops:
D:1 *   D:2 :


Innate Abilities, Weirdness & Mutations

You have very sharp teeth.
Your uncanny sense of smell can sniff out nearby items.
Your experience applies equally to all skills.


Message History

You puncture the quokka!
You kill the quokka!
No target in view!
No target in view!
No target in view!
No target in view!
No target in view!
No target in view!
No target in view!
No target in view!
No target in view!
No target in view!
No target in view!
No target in view!
Key pressed, stopping explore.
There is a burning altar of Makhleb here.
You enter the shallow water.
Moving in this stuff is going to be slow.
An ogre comes into view. It is wielding a +0 giant club.
The ogre shouts!
Throw: 92 stones
Press: ? - help, Q - select action, (/) - cycle Shift-Dir - straight line, f - ogre
Aim: an ogre, wielding a +0 giant club (74% to hit)
You throw a stone. The stone barely misses the ogre.
You hear a splash.
You hit the ogre but do no damage. The ogre closely misses you.
You closely miss the ogre.
An orc comes into view. It is wielding a +1 mace of protection.
You barely miss the ogre. The ogre barely misses you.
You puncture the ogre!
The ogre is moderately wounded.
The ogre hits you with a +0 giant club!!
Ouch! That really hurt!
You barely miss the ogre.
The ogre is moderately wounded.
The ogre closely misses you.
You puncture the ogre!
The ogre is severely wounded.
The ogre hits you with a +0 giant club!
You die...

###.##.......#..####
#...........#.# #
##..........#.####
#...............#
#................
##.#.............
##..###...........
####..####.#.........
#o..@♣♣P♣≈♣≈≈≈......#
....♣♣≈O♣≈≈♣PP≈P♣♣≈♣≈..#
.. ♣♣♣≈≈≈≈≈≈≈♣ ♣P♣≈P≈#
P≈≈PP≈≈≈≈≈≈≈≈≈≈ ≈P≈P≈♣≈
≈O≈≈≈≈≈P≈≈≈≈≈≈≈≈≈≈≈≈≈≈P
♣≈≈≈P♣P≈≈≈≈≈≈≈≈≈≈≈♣≈≈≈≈
P≈≈≈≈≈≈≈≈≈≈≈≈≈≈≈≈≈≈≈≈♣≈
≈≈PP≈≈≈≈≈≈≈≈≈≈≈≈≈≈≈≈≈ ≈


≈PP ≈≈≈≈≈≈≈≈≈≈≈ You could see an ogre and an orc.

Vanquished Creatures
  2 adders (D:3)
  2 worms (D:2)
  2 dart slugs (D:1)
  4 endoplasms
  A giant cockroach (D:1)
  7 goblins
  2 hobgoblins
  8 jackals
  2 quokkas (D:3)
  2 ball pythons
  5 bats
  3 frilled lizards
  4 kobolds
  8 rats
52 creatures vanquished.

Vanquished Creatures (others)
  26 plants (D:3)
26 creatures vanquished.

Grand Total: 78 creatures vanquished

Notes
Turn   | Place    | Note
-------+----------+-------------------------------------------
     0 | D:1      | Ablot the Gnoll Warper began the quest for the Orb.
     0 | D:1      | Reached XP level 1. HP: 20/20 MP: 6/6
   197 | D:1      | Reached XP level 2. HP: 7/26 MP: 7/7
   204 | D:1      | Learned a level 2 spell: Blink
   505 | D:1      | Found Reyririt's Assorted Antiques.
   516 | D:1      | Bought a red potion for 18 gold pieces
  1241 | D:1      | Found a faded altar of an unknown god.
  1426 | D:1      | Bought a scroll labelled VOM HECROEP for 21 gold pieces
  1426 | D:1      | Bought a scroll labelled GOWEJEG WULYJO for 21 gold pieces
  1560 | D:2      | Reached XP level 3. HP: 31/31 MP: 9/9
  1595 | D:2      | Reached skill level 5 in Spellcasting
  1948 | D:2      | Reached skill level 1 in Invocations
  2011 | D:2      | Found Kasirpho's Book Boutique.
  2425 | D:3      | Found a burning altar of Makhleb.
  2474 | D:3      | Reached skill level 1 in Short Blades
  2474 | D:3      | Reached skill level 1 in Long Blades
  2474 | D:3      | Reached skill level 1 in Axes
  2474 | D:3      | Reached skill level 1 in Maces & Flails
  2474 | D:3      | Reached skill level 1 in Staves
  2474 | D:3      | Reached skill level 1 in Slings
  2474 | D:3      | Reached skill level 1 in Bows
  2474 | D:3      | Reached skill level 1 in Crossbows
  2474 | D:3      | Reached skill level 1 in Stealth
  2474 | D:3      | Reached skill level 1 in Shields
  2474 | D:3      | Reached skill level 1 in Unarmed Combat
  2474 | D:3      | Reached skill level 1 in Evocations
  2529 | D:3      | Found a shimmering blue altar of Sif Muna.
  2545 | D:3      | Reached XP level 4. HP: 38/38 MP: 11/11
  2868 | D:3      | Noticed an ogre
  2880 | D:3      | Slain by an ogre

Illustrated notes

Levels and vault maps discovered:
D:1:      dpeg_arrival_rooms_b, layout_loops_corners,
          shapermc_ecumenical_altar_acropolis, serial_shops, shop,
          kennysheep_crisscross, chequers_jeans, minmay_fountain_box,
          minivault_14, kennysheep_nondescript
D:2:      layout_loops_cross, serial_shops, nicolae_shop_advertising_works
          [nicolae_subvault_shop_adworks], minmay_ruptured
D:3:      layout_rooms, mainiacjoe_overflow_brackets, lemuel_crystal_altar,
          serial_bayou, serial_bayou_shore_a, serial_bayou_lake_a,
          serial_bayou_lagoon_a, serial_bayou_crossing,
          minmay_misc_feat_encased, minmay_misc_feat_rugged,
          grunt_decor_clamped, corexii_item_surrounded_by_moat

Skill      XL: |  1  2  3 |
---------------+----------+-----
Spellcasting   | 5 |  5.1
Invocations    | 1 |  1.2
Short Blades   | 1 |  1.1
Long Blades    | 1 |  1.1
Axes           | 1 |  1.1
Maces & Flails | 1 |  1.1
Staves         | 1 |  1.1
Slings         | 1 |  1.1
Bows           | 1 |  1.1
Crossbows      | 1 |  1.1
Stealth        | 1 |  1.1
Shields        | 1 |  1.1
Unarmed Combat | 1 |  1.1
Evocations     | 1 |  1.1
Fighting       | |  4.6
Polearms       | |  4.6
Throwing       | |  2.7
Armour         | |  2.7
Dodging        | |  4.6
Conjurations   | |  0.9
Hexes          | |  0.9
Summonings     | |  0.9
Necromancy     | |  0.9
Translocations | |  5.4
Transmutations | |  0.9
Fire Magic     | |  0.9
Ice Magic      | |  0.9
Air Magic      | |  0.9
Earth Magic    | |  0.9
Poison Magic   | |  0.9

Action                   |  1- 3 |  4- 6 || total
-------------------------+-------+-------++-------
Melee: Spear             |   128 |       ||   128
       Bite              |    17 |     1 ||    18
       Punch             |     3 |       ||     3
       Trident           |    48 |    38 ||    86
Throw: Stone             |       |     1 ||     1
 Stab: Sleeping          |     2 |       ||     2
Armor: Leather armour    |    36 |    10 ||    46
Dodge: Dodged            |    85 |    34 ||   119
